 Dungeon Crawl Stone Soup version 0.25-a0-611-g6918904 (webtiles) character file.

Game seed: 4058849804381905710, levelgen mode: deterministic

37289 Faca the Carver (level 14, -1/114 HPs)
             Began as a Human Fighter on Mar 16, 2020.
             Was the Champion of Okawaru.
             Slain by an alligator simulacrum (14 damage)
             ... in an ice cave.
             The game lasted 00:40:34 (21730 turns).

Faca the Carver (Human Fighter)                    Turns: 21730, Time: 00:40:34

Health: -1/114     AC: 20    Str: 20    XL:     14   Next: 28%
Magic:  17/17      EV:  8    Int: 18    God:    Okawaru [******]
Gold:   867        SH:  9    Dex: 10    Spells: 13/13 levels left

rFire    . . .     SeeInvis +   H - +1 double sword (holy)
rCold    . . .     Gourm    .   G - +3 warlock's mirror {reflect}
rNeg     . . .     Faith    +   h - +2 chain mail {MR+}
rPois    +         Spirit   .   r - +2 helmet {SInv}
rElec    .         Reflect  +   (no cloak)
rCorr    .         Harm     .   I - +0 pair of gloves of Henotheism {+Fly Regen+ Int+8 Dex-3}
MR       ++...                  l - +0 pair of boots
Stlth    ..........             u - amulet of faith
HPRegen  0.69/turn              x - ring of poison resistance
MPRegen  0.15/turn              (no ring)

@: no status effects
A: no striking features
a: Heroism, Finesse, Renounce Religion, Evoke Flight


You were in an ice cave.
You worshipped Okawaru.
Okawaru was exalted by your worship.
You were hungry.

You visited 2 branches of the dungeon, and saw 17 of its levels.
You also visited: Ice Cave.

You collected 867 gold pieces.

Inventory:

Hand Weapons
 c - the +12 Vampire's Tooth {vamp}
   (You found it on level 10 of the Dungeon)

   It inflicts no extra harm, but heals its wielder when it wounds a living foe.
 E - a +4 scimitar of freezing
 H - a +1 double sword of holy wrath (weapon)
Missiles
 n - 16 boomerangs (quivered)
Armour
 e - +0 acid dragon scales
 h - a +2 chain mail of magic resistance (worn)
 l - a +0 pair of boots (worn)
 r - a +2 helmet of see invisible (worn)
 G - the +3 warlock's mirror (worn) {reflect}
   (You found it on level 9 of the Dungeon)
 I - the +0 pair of gloves of Henotheism (worn) {+Fly Regen+ Int+8 Dex-3}
   (Okawaru gifted it to you on level 6 of the Lair of Beasts)

   It affects your intelligence (+8).
   It affects your dexterity (-3).
   It lets you fly.
   It increases your rate of regeneration.
Jewellery
 u - an amulet of faith (around neck)
 x - a ring of poison resistance (left hand)
 L - an uncursed amulet of the gourmand {unknown}
Wands
 a - a wand of acid (35)
 p - a wand of digging (8)
 v - a wand of flame (44)
 w - a wand of random effects (20)
 A - a wand of disintegration (6)
 J - a wand of polymorph (6)
Scrolls
 m - 6 scrolls of teleportation
 o - 4 scrolls of remove curse
 y - 5 scrolls of enchant weapon
 z - 5 scrolls of magic mapping
 D - 3 scrolls of summoning
 F - a scroll of blinking
Potions
 b - 2 potions of mutation
 d - 4 potions of might
 i - 7 potions of curing
 j - 4 potions of cancellation
 k - a potion of ambrosia
 q - a potion of berserk rage
 s - a potion of invisibility
 t - 3 potions of flight
 B - 2 potions of resistance {unknown}
 K - a potion of haste
Comestibles
 f - 31 rations


   Skills:
 + Level 11.7 Fighting
 + Level 14.9 Long Blades
 + Level 10.2 Armour
 + Level 10.2 Shields
 - Level 5.0 Invocations


You had 13 spell levels left.
You didn't know any spells.
Your spell library contained the following spells:

 Spells                   Type           Power        Failure   Level  Hunger
 Freeze                   Ice            #...         83%         1    ##.....
 Frozen Ramparts          Ice            #.....       99%         3    ####...
 Ozocubu's Armour         Chrm/Ice       #.......     99%         3    ####...
 Recall                   Summ/Tloc      N/A          99%         3    ####...
 Hailstorm                Conj/Ice       #.......     100%        4    #####..
 Summon Ice Beast         Ice/Summ       #.......     100%        4    #####..
 Aura of Abjuration       Summ           #.........   100%        5    ######.
 Summon Demon             Summ           #.........   100%        5    ######.
 Summon Forest            Summ/Tloc      #.........   100%        5    ######.
 Summon Mana Viper        Hex/Summ       #.......     100%        5    ######.
 Shadow Creatures         Summ           N/A          100%        6    #######


Dungeon Overview and Level Annotations

Branches:
Dungeon (11/15)            Temple (0/1) D:6            Lair (6/6) D:10
 Shoals (0/4) Lair:2        Snake (0/4) Lair:2        Slime (0/5) Lair:6
    Orc (0/2) D:10          IceCv (1/1)

Altars:
Cheibriados
Fedhas
Gozag
Kikubaaqudgha
Makhleb
Okawaru
Sif Muna
Trog
Uskayaw
Wu Jian
Xom
Yredelemnul
The Shining One
Jiyva

Shops:
D:8 =

Annotations:
D:3 Grinder
D:4 3 runed translucent doors, roflturtle's ghost, novice DrTm
D:8 5 runed translucent doors
D:9 exclusion: orange crystal statue
D:11 3 runed translucent doors, MisterAzrael's ghost, journeyman HOFi


Message History

You block the alligator simulacrum's attack.
You block the polar bear simulacrum's attack.
The polar bear simulacrum claws you but does no damage. x2
Quiver which item? (- for none, * to show all) (? for menu, Esc to quit)
That's the wrong kind of item! (Use * to select it.) Quiver which item? (- for none, * to show all) (? for menu, Esc to quit)
That's the wrong kind of item! (Use * to select it.) Quiver which item? (- for none, * to show all) (? for menu, Esc to quit)
Okay, then.
You feel much better. The alligator simulacrum bites you!
* * * LOW HITPOINT WARNING * * *
The alligator simulacrum freezes you!
* * * LOW HITPOINT WARNING * * *
You block the alligator simulacrum's attack.
The polar bear simulacrum bites you but does no damage.
You block the polar bear simulacrum's attack.
The polar bear simulacrum claws you but does no damage.
Okay, then.
The alligator simulacrum bites you!
You die...

#### ###
##..##
##..##....##
##..........#
#.......∩.∩.#
..##.ZZ....#
###.@..##
##..## ####


You could see an alligator simulacrum and a polar bear simulacrum.

Vanquished Creatures
  3 hydras
  Harold (D:11)
  A two-headed ogre (D:9)
  An unseen horror (D:10)
  16 elephants
  2 centaur zombies (D:10)
  3 black mambas (Lair:3)
  Maggie (D:7)
  8 spiny frogs
  A rime drake (Lair:4)
  2 ice devils (Lair:6)
  4 komodo dragons
  A tyrant leech (D:9)
  A polar bear (Lair:5)
  A hornet (D:11)
  12 blink frogs
  5 hippogriffs
  A spriggan (D:7)
  4 wyverns
  A shadow (D:11)
  2 vampires (D:10)
  38 yaks
  6 fire bats (Lair:3)
  Grum (D:8)
  8 basilisks
  5 vampire mosquitoes
  A hungry ghost (D:9)
  2 nagas (Lair:2)
  5 water moccasins
  5 porcupines
  4 sky beasts
  3 orc warriors
  2 phantoms
  4 ice beasts
  3 black bears (D:10)
  An eye of draining (D:11)
  8 ogres
  8 wolves
  6 centaurs
  5 crocodiles
  A big kobold (D:8)
  A wyvern zombie (D:3)
  12 bullfrogs
  5 scorpions
  An elephant simulacrum (IceCv)
  15 killer bees
  10 wights (D:11)
  6 howler monkeys
  An electric eel (Lair:3)
  4 crimson imps
  A quasit (D:9)
  A lava snake (Lair:3)
  2 hounds
  2 centaur skeletons
  A jelly (D:9)
  A bullfrog zombie (D:7)
  6 orc priests
  2 bullfrog skeletons
  3 iguanas
  Jessica (D:2)
  10 orc wizards
  6 worker ants
  A wolf simulacrum (IceCv)
  A hound zombie (D:10)
  4 worker ant zombies
  8 adders
  2 shadow imps
  A worm (D:5)
  A dart slug (D:1)
  4 leopard geckos
  36 orcs
  5 bats
  11 giant cockroaches
  5 goblins
  5 hobgoblins
  14 jackals
  14 kobolds
  3 quokkas
  A ball python (D:5)
  4 frilled lizards
  2 jackal skeletons (D:4)
  A jackal zombie (D:5)
  A leopard gecko skeleton (D:4)
  A quokka zombie (D:8)
  12 rats
  A fire vortex (Lair:3)
416 creatures vanquished.

Vanquished Creatures (others)
  An adder (D:7)
  29 fungi
  12 plants
42 creatures vanquished.

Grand Total: 458 creatures vanquished

Notes
Turn   | Place    | Note
-------+----------+-------------------------------------------
     0 | D:1      | Faca the Human Fighter began the quest for the Orb.
     0 | D:1      | Reached XP level 1. HP: 18/18 MP: 1/1
    52 | D:1      | Reached XP level 2. HP: 24/24 MP: 2/2
   193 | D:1      | Reached XP level 3. HP: 25/29 MP: 3/3
   705 | D:1      | Reached skill level 10 in Long Blades
   705 | D:1      | Reached XP level 4. HP: 36/36 MP: 4/4
   726 | D:2      | Found a snail-covered altar of Cheibriados.
   788 | D:2      | Noticed Jessica
   794 | D:2      | Killed Jessica
   794 | D:2      | Reached XP level 5. HP: 42/42 MP: 5/5
  1143 | D:2      | Found an iron altar of Okawaru.
  1143 | D:2      | Found a bloodstained altar of Trog.
  1147 | D:2      | Became a worshipper of Warmaster Okawaru
  1394 | D:3      | Noticed Grinder
  1556 | D:3      | Reached skill level 11 in Long Blades
  1611 | D:3      | Reached XP level 6. HP: 48/48 MP: 6/6
  2078 | D:4      | Reached * piety under Okawaru
  2124 | D:4      | Reached XP level 7. HP: 40/55 MP: 7/7
  2273 | D:4      | Found a runed translucent gate.
  2273 | D:4      | Noticed roflturtle's ghost (novice DrTm)
  2274 | D:4      | Found a runed translucent gate.
  2288 | D:4      | Found a runed translucent gate.
  2579 | D:4      | Found a blossoming altar of Fedhas.
  2803 | D:5      | Entered Level 5 of the Dungeon
  2818 | D:5      | Reached skill level 5 in Fighting
  3018 | D:5      | Found a hide-covered altar of Uskayaw.
  3039 | D:5      | Reached ** piety under Okawaru
  3345 | D:5      | Reached XP level 8. HP: 63/63 MP: 8/8
  3666 | D:6      | Found a staircase to the Ecumenical Temple.
  4112 | D:6      | Reached *** piety under Okawaru
  4125 | D:6      | Found a glowing golden altar of the Shining One.
  4168 | D:6      | Found an ornate altar of the Wu Jian Council.
  4482 | D:7      | Noticed Maggie
  4500 | D:7      | Killed Maggie
  4500 | D:7      | Reached XP level 9. HP: 52/71 MP: 7/9
  4542 | D:7      | Reached skill level 12 in Long Blades
  4785 | D:7      | Reached **** piety under Okawaru
  5029 | D:7      | Found a shimmering blue altar of Sif Muna.
  5266 | D:8      | Found the +9 staff of Olgreb {rPois∞}
  5266 | D:8      | Noticed Grum
  5748 | D:8      | Found a basalt altar of Yredelemnul.
  6172 | D:8      | Reached ***** piety under Okawaru
  6229 | D:8      | Reached XP level 10. HP: 25/79 MP: 10/10
  6787 | D:8      | Killed Grum
  6960 | D:8      | Found Ushoutim's Jewellery Shop.
  6987 | D:8      | Found a burning altar of Makhleb.
  6988 | D:8      | Found a shimmering altar of Xom.
  7001 | D:8      | Found a runed translucent gate.
  7001 | D:8      | Found a runed translucent gate.
  7002 | D:8      | Found a runed translucent door.
  7019 | D:8      | Found a runed translucent gate.
  7029 | D:8      | Found an ancient bone altar of Kikubaaqudgha.
  7151 | D:8      | Found a runed translucent door.
  7253 | D:9      | Noticed an orange crystal statue
  7331 | D:9      | Found an iron altar of Okawaru.
  7654 | D:9      | Found the +3 warlock's mirror {reflect}
  8012 | D:9      | Reached skill level 5 in Shields
  8071 | D:9      | Reached skill level 5 in Armour
  9100 | D:9      | Noticed a two-headed ogre
  9123 | D:9      | Killed a two-headed ogre
  9123 | D:9      | Reached XP level 11. HP: 62/87 MP: 8/11
  9695 | D:10     | Entered Level 10 of the Dungeon
  9771 | D:10     | HP: 3/87 [vampire/vampiric draining (15)]
 10407 | D:9      | Received a gift from Okawaru
 10422 | D:9      | Reached ****** piety under Okawaru
 10422 | D:9      | Reached skill level 13 in Long Blades
 11110 | D:10     | Noticed an eight-headed hydra
 11775 | D:10     | Found the +12 Vampire's Tooth {vamp}
 11856 | D:10     | Received a gift from Okawaru
 12782 | D:10     | Found a staircase to the Orcish Mines.
 12795 | D:10     | Found a staircase to the Lair.
 12818 | D:10     | Killed an unseen horror
 12823 | D:10     | Killed an eight-headed hydra
 12823 | D:10     | Reached XP level 12. HP: 54/96 MP: 12/12
 13823 | D:11     | Received a gift from Okawaru
 14018 | D:11     | Noticed Harold
 14050 | D:11     | Killed Harold
 14199 | D:11     | Found a runed translucent gate.
 14200 | D:11     | Found a runed translucent gate.
 14200 | D:11     | Found an opulent altar of Gozag.
 14209 | D:11     | Noticed MisterAzrael's ghost (journeyman HOFi)
 14218 | D:11     | Found a runed translucent gate.
 14239 | D:11     | Noticed an anaconda
 14239 | D:11     | a swamp worm changed into an anaconda
 14242 | D:11     | an anaconda changed into a faun
 14318 | D:11     | Reached skill level 10 in Fighting
 14630 | Lair:1   | Entered Level 1 of the Lair of Beasts
 15870 | Lair:2   | Reached skill level 14 in Long Blades
 16160 | Lair:2   | Found a staircase to the Shoals.
 16773 | Lair:2   | Noticed a seven-headed hydra
 16791 | Lair:2   | Killed an eight-headed hydra
 16791 | Lair:2   | Received a gift from Okawaru
 16791 | Lair:2   | Reached skill level 1 in Invocations
 16791 | Lair:2   | Reached XP level 13. HP: 34/104 MP: 13/13
 17073 | Lair:2   | Found a staircase to the Snake Pit.
 18181 | Lair:3   | Received a gift from Okawaru
 19459 | Lair:4   | Received a gift from Okawaru
 20463 | Lair:5   | Reached XP level 14. HP: 96/113 MP: 14/17
 20469 | Lair:5   | Reached skill level 5 in Invocations
 20497 | Lair:5   | Reached skill level 10 in Armour
 20497 | Lair:5   | Reached skill level 10 in Shields
 21508 | Lair:6   | Entered Level 6 of the Lair of Beasts
 21585 | Lair:6   | Received a gift from Okawaru
 21598 | Lair:6   | Got a pair of heavily runed gloves {god gift}
 21609 | Lair:6   | Identified the +0 pair of gloves of Henotheism {+Fly Regen+
                  | Int+8 Dex-3} (Okawaru gifted it to you on level 6 of the
                  | Lair of Beasts)
 21613 | Lair:6   | Found a staircase to the Slime Pits.
 21613 | Lair:6   | Found a viscous altar of Jiyva.
 21617 | Lair:6   | Found a frozen archway.
 21717 | IceCv    | Entered an ice cave
 21730 | IceCv    | Slain by an alligator simulacrum

Levels and vault maps discovered:
D:1:      psy_arrival_conway, layout_basic
D:2:      layout_loops_ring, gammafunk_temple_overflow_wave, old_standard_altar,
          first_ration, minmay_worlds_worst_comb, uniq_jessica
D:3:      layout_rooms, serial_curves, eino_curves_02, eino_curves_01,
          uniq_grinder
D:4:      layout_cave_pools, gammafunk_ghost_split, fedhas_altar_1
D:5:      layout_cave_pods, lemuel_doored_altar, serial_column_ruins,
          column_ruins_hut_ruined, column_ruins_grid_1,
          column_ruins_columns_dead_end, column_ruins_open_tiny,
          column_ruins_open_small
D:6:      layout_basic, tso_metal_star, nicolae_overflow_crystal_walls,
          minmay_temple_entry_hall, kennysheep_cross_room, minmay_misc_feat_room
D:7:      layout_basic, the_bakery, tgw_sif, uniq_maggie
D:8:      layout_rooms, grunt_temple_overflow_champion_of_chaos,
          kiku_gazebo_garden_becter, marbit_many_paths, serial_shops, shop,
          minmay_guarded_unrand_staff_of_olgreb, uniq_grum
D:9:      layout_basic, basic_altar, minivault_16, minmay_unpleasant_kobolds
D:10:     layout_loops_ring, due_lair_maze_entry_diamond, orc_0_dummy,
          minmay_guarded_unrand_vampires_tooth
D:11:     layout_long_grid, ebering_ghost_gozag, uniq_harold
Lair:1:   layout_small_grid
Lair:2:   layout_regular_city, elwin_shoals_entry_rocks,
          guppyfry_snake_entry_island, grunt_megastairs_2, lemuel_fruit_fields,
          lemuel_fruit_fields
Lair:3:   layout_chaotic_city, st_stairs_6, kennysheep_basilisk_garden,
          lemuel_fruit_tree, infiniplex_staircase_pool
Lair:4:   layout_roguey
Lair:5:   layout_roguey, serial_bayou_shore_b
Lair:6:   minmay_lair_end_enchanted_forest, layout_concentric_octagons,
          slime_altar_1, portal_ice_cave_demonic_guard, serial_bayou_shore_b
IceCv:    ice_cave_small_necro

Skill      XL: |  1  2  3  4  5  6  7  8  9 10 11 12 13 14 |
---------------+-------------------------------------------+-----
Long Blades    | 10 11 12 13 14 | 14.9
Fighting       | 4 5 6 7 8 9 10 11 | 11.7
Shields        | 4 5 7 8 9 10 | 10.2
Armour         | 4 5 7 8 9 10 | 10.2
Invocations    | 1 4 5 |  5.0

Action                   |  1- 3 |  4- 6 |  7- 9 | 10-12 | 13-15 || total
-------------------------+-------+-------+-------+-------+-------++-------
Melee: Long sword        |    66 |   138 |   330 |  1080 |       ||  1614
       Quick blade       |       |       |       |    26 |    19 ||    45
       Scimitar          |       |       |       |       |   419 ||   419
       Double sword      |       |       |       |       |    24 ||    24
Invok: Heroism           |       |       |     1 |    14 |     2 ||    17
Evoke: Wand              |       |       |       |     5 |     1 ||     6
  Use: Scroll            |     4 |     3 |    10 |     8 |     3 ||    28
       Potion            |     1 |       |     1 |     3 |     3 ||     8
 Stab: Petrified         |       |       |       |     4 |     6 ||    10
       Petrifying        |       |       |       |     1 |       ||     1
  Eat: Chunk             |       |     4 |    10 |    22 |    15 ||    51
       Ration            |       |       |     1 |     4 |       ||     5
Armor: Scale mail        |    15 |       |       |       |       ||    15
       Chain mail        |    25 |    51 |   164 |   360 |   208 ||   808
Dodge: Dodged            |     8 |    19 |    51 |   256 |   133 ||   467
Block: Kite shield       |    36 |    39 |   163 |    84 |       ||   322
       Buckler           |       |       |       |   308 |   203 ||   511
       Reflection        |       |       |       |    16 |    13 ||    29
       Rpst.: Long sword |     2 |     9 |    16 |    69 |       ||    96
       Scimitar          |       |       |       |       |    29 ||    29
       Double sword      |       |       |       |       |     2 ||     2

Table legend:
 A = Non-vault XP
 B = Vault XP
 C = Vault XP percentage of total XP
 D = Non-vault monster count
 E = Vault monster count
 F = Vault count percentage of total count
                 A         B        C        D         E       F
            +---------+---------+-------+---------+---------+-------
      Total |   44974 |    8250 |  15.5 |     365 |      51 |  12.3
            +---------+---------+-------+---------+---------+-------
        D:1 |      38 |       0 |   0.0 |      23 |       0 |   0.0
        D:2 |      77 |      43 |  35.8 |      17 |       4 |  19.0
        D:3 |     187 |       0 |   0.0 |      19 |       0 |   0.0
        D:4 |     374 |       0 |   0.0 |      21 |       0 |   0.0
        D:5 |     383 |       0 |   0.0 |      11 |       0 |   0.0
        D:6 |     448 |       0 |   0.0 |      10 |       0 |   0.0
        D:7 |     584 |    1144 |  66.2 |       8 |       6 |  42.9
        D:8 |    1156 |     236 |  17.0 |      29 |       2 |   6.5
        D:9 |    3990 |     655 |  14.1 |      47 |       9 |  16.1
       D:10 |    4625 |    2122 |  31.5 |      38 |      15 |  28.3
       D:11 |    4349 |     970 |  18.2 |      37 |       1 |   2.6
     Lair:1 |    3194 |       0 |   0.0 |      15 |       0 |   0.0
     Lair:2 |    2795 |     858 |  23.5 |       9 |       4 |  30.8
     Lair:3 |    7559 |    1450 |  16.1 |      30 |       6 |  16.7
     Lair:4 |    6976 |       0 |   0.0 |      27 |       0 |   0.0
     Lair:5 |    6060 |       0 |   0.0 |      19 |       0 |   0.0
     Lair:6 |    2179 |     680 |  23.8 |       5 |       2 |  28.6
      IceCv |       0 |      92 | 100.0 |       0 |       2 | 100.0
            +---------+---------+-------+---------+---------+-------
